 Dungeon Crawl Stone Soup version 0.29-a0-732-g3d7fbe0af2 (webtiles) character file.

Game seed: 10190665805199597085

365 zeratav the Skirmisher (level 6, -7/30 HPs)
             Began as a Spriggan Hunter on June 29, 2022.
             Killed by divine providence
             ... invoked by an orc priest
              (13 damage)
             ... on level 4 of the Dungeon.
             The game lasted 00:04:23 (4159 turns).

zeratav the Skirmisher (Spriggan Hunter)            Turns: 4159, Time: 00:04:24

Health: -7/30      AC:  2    Str:  7    XL:     6   Next: 40%
Magic:  7/7        EV: 19    Int: 10    God:
Gold:   169        SH:  0    Dex: 27    Spells: 5/5 levels left

rFire   . . .      SeeInvis +   a - +0 shortbow {bow}
rCold   . . .      Faith    .   (shield currently unavailable)
rNeg    . . .      Spirit   .   c - +0 robe
rPois   .          Reflect  .   (helmet restricted)
rElec   .          Harm     .   (no cloak)
rCorr   .          Rampage  .   (gloves unavailable)
Will    +....                   (boots unavailable)
Stlth   +++.......              (no amulet)
HPRegen 0.10/turn               l - ring of wizardry
MPRegen 0.10/turn               u - +6 ring of dexterity

@: very quick
A: very small, no large weapons, unfitting armour, see invisible, speed 3
a: no special abilities


You were on level 4 of the Dungeon.
You visited 2 branches of the dungeon, and saw 6 of its levels.

You collected 169 gold pieces.


Innate Abilities, Weirdness & Mutations

You are very small and have problems with some larger weapons.
You are too small for most types of armour.
You have supernaturally acute eyesight. (SInv)
You cover ground extremely quickly. (Speed+++)


   Skills:
 - Level 1.5 Fighting
 + Level 9.3 Ranged Weapons
 - Level 2.6 Dodging
 - Level 1.5 Stealth


You had 5 spell levels left.
You didn't know any spells.
Your spell library contained the following spells:

 Spells                   Type           Power      Damage    Failure   Level
 Magic Dart               Conj           0%         1d3       16%         1
 Call Imp                 Summ           0%         N/A       22%         2
 Mephitic Cloud           Conj/Pois/Air  0%         N/A       41%         3

Inventory:

Hand Weapons
 a - a +0 shortbow (weapon) {bow}
Armour
 c - a +0 robe (worn)
 g - a +0 cloak
   (You found it on level 1 of the Dungeon)
Jewellery
 j - a ring of fire
   (You found it on level 1 of the Dungeon)
 l - a ring of wizardry (left hand)
   (You found it on level 2 of the Dungeon)
 t - a ring of fire
   (You found it on level 3 of the Dungeon)
 u - a +6 ring of dexterity (right hand)
   (You found it on level 3 of the Dungeon)
Scrolls
 b - 3 scrolls of immolation {!r!r}
 d - 2 scrolls of teleportation {unknown}
 e - 4 scrolls of identify {unknown}
 n - 2 scrolls of poison {unknown}
 o - a scroll of vulnerability {unknown}
 p - 2 scrolls of amnesia {unknown}
 s - 2 scrolls of magic mapping {unknown}
Potions
 f - a potion of invisibility {unknown}
 h - 3 potions of curing {unknown}
 i - a potion of might {unknown}
 k - 2 potions of ambrosia {unknown}
 m - a potion of lignification {unknown}
 q - 2 potions of heal wounds {unknown}
 r - a potion of degeneration {unknown}

Dungeon Overview and Level Annotations

Branches:
Dungeon (5/15) Zot: 26240  Temple (1/1) D:4 Zot: 5881

Altars:
Ashenzari
Cheibriados
Elyvilon
Fedhas
Gozag
Kikubaaqudgha
Makhleb
Nemelex Xobeh
Okawaru
Qazlal
Ru
Sif Muna
Trog
Uskayaw
Vehumet
Wu Jian
Xom
Yredelemnul
The Shining One

##.##...## ###.⌠.⌠.#...##.#
#.....## #.....#.#....# ##...##
####'###....##. #### ##...#
#.##........### #..## ##..##
#...........### ....# ##..##
##.........#..#. ....##
###.###.....#...##..). ####.##
##o###...#....##.... .# ##.##
#o@..........#..... .# ##.###
##................. ### ##..##
######............ #.#
#...##########.##..........
#.#####..(.......#..####.........
##..............##.####..........
###........####..#.##............
..........## ##..#..........<...
.#####...## ##[..........(....


You could see an orc priest and an orc.


Message History

You shoot an arrow. The arrow closely misses the quokka.
The quokka bites you.
HP[-2]
You take 2 damage, and now have 28/30 hp.
You shoot an arrow.
The arrow hits the quokka but does no damage.
The quokka bites you.
HP[-2]
You take 2 damage, and now have 26/30 hp.
The gnoll shaman barely misses you. The gnoll completely misses you.
The quokka barely misses you.
You climb upwards.
There is a stone staircase leading down here.
Fire: a) +0 shortbow {bow}
Press: ? - help, Q - select action Shift-Dir - straight line, f - quokka
Aim: a quokka You shoot an arrow.
The arrow hits the quokka!
You kill the quokka!
The gnoll hits you with a +0 club. The gnoll shaman closely misses you.
HP[-2]
You take 2 damage, and now have 24/30 hp.
HP[+1]
You shoot an arrow. The arrow barely misses the gnoll.
You shoot an arrow. The arrow hits the gnoll!
You shoot an arrow.
The arrow hits the gnoll but does no damage.
The gnoll barely misses you.
You shoot an arrow. The arrow closely misses the gnoll.
The gnoll hits you with a +0 club. The gnoll shaman completely misses you.
The gnoll hits you with a +0 club.
The gnoll shaman hits you with a +0 club!
* * * LOW HITPOINT WARNING * * *
HP[-20]
You take 20 damage, and now have 5/30 hp.
MASSIVE DAMAGE!! (PAUSE)
You are too injured to fight recklessly!
You are too injured to fight recklessly!
Fire: a) +0 shortbow {bow}
Press: ? - help, Q - select action Shift-Dir - straight line, f/p - gnoll
Aim: a gnoll, wielding a +0 club (severely wounded)
You shoot an arrow. The arrow barely misses the gnoll.
The arrow hits the gnoll shaman.
HP[+1] Fire: a) +0 shortbow {bow}
Press: ? - help, Q - select action Shift-Dir - straight line, f/p - gnoll
Aim: a gnoll, wielding a +0 club (severely wounded)
You shoot an arrow. The arrow hits the gnoll shaman!
Fire: a) +0 shortbow {bow}
Press: ? - help, Q - select action Shift-Dir - straight line, f/p - gnoll
Aim: a gnoll, wielding a +0 club (severely wounded)
You shoot an arrow. The arrow hits the gnoll shaman!
You kill the gnoll shaman!
Fire: a) +0 shortbow {bow}
Press: ? - help, Q - select action Shift-Dir - straight line, f/p - gnoll
Aim: a gnoll, wielding a +0 club (severely wounded)
You shoot an arrow. The arrow hits the gnoll!
You kill the gnoll!
Fire: a) +0 shortbow {bow}
Press: ? - help, Q - select action Shift-Dir - straight line, f - you That would be overly suicidal.
Okay, then.
You start resting.
HP[+24]
Your hp is fully restored (30).
Items here: )) [ ÷.
There is a stone staircase leading down here.
You climb downwards.
The orc priest miscasts a cantrip.
The orc barely misses you. The orc hits you with a +0 whip.
The gnoll closely misses you.
There is a stone staircase leading up, spattered with blood here.
HP[-3]
You take 3 damage, and now have 27/30 hp.
The gnoll barely misses you. The orc priest misses you.
The orc hits you with a +0 whip.
You climb upwards.
There is a stone staircase leading down here.
HP[-6]
You take 6 damage, and now have 21/30 hp.
The orc priest mumbles some strange prayers to Beogh against you.
Beogh smites you!
* * * LOW HITPOINT WARNING * * *
HP[-13]
You take 13 damage, and now have 8/30 hp.
MASSIVE DAMAGE!! (PAUSE) Fire: a) +0 shortbow {bow}
Press: ? - help, Q - select action Shift-Dir - straight line, f - orc priest
Aim: an orc priest, wielding a +0 whip You shoot an arrow.
The arrow hits the orc priest!
The orc priest hits you with a +0 whip.
* * * LOW HITPOINT WARNING * * *
The orc misses you.
HP[-2]
You take 2 damage, and now have 6/30 hp.
Fire: a) +0 shortbow {bow}
Press: ? - help, Q - select action Shift-Dir - straight line, f/p - orc priest
Aim: an orc priest, wielding a +0 whip (severely wounded)
You shoot an arrow. The arrow barely misses the orc priest.
The orc priest invokes the aid of Beogh against you.
Beogh smites you!
You die...

Skill      XL: |  1  2  3  4  5  6 |
---------------+-------------------+-----
Ranged Weapons | 5 6 7 8 9 |  9.3
Fighting       | |  1.5
Dodging        | |  2.6
Stealth        | |  1.5

Action                   |  1- 3 |  4- 6 || total
-------------------------+-------+-------++-------
 Fire: Shortbow          |   105 |   109 ||   214
Armor: Robe              |     8 |     2 ||    10
Dodge: Dodged            |    61 |    38 ||    99

Levels and vault maps discovered:
D:1:      minmay_arrival_widening_spiral_wide, layout_basic,
          chequers_ecumenical_altar_simple_redux
D:2:      layout_rooms
D:3:      layout_basic, hangedman_feature_mirror, chequers_garden
D:4:      wander_river, layout_layer_cave, minmay_temple_entry_hall,
          item_on_display_a
D:5:      layout_cave_pools, mainiacjoe_overflow_brackets
Temple:   compressed_dpeg_triangle_lava_temple

Notes
Turn   | Place    | Note
-------+----------+-------------------------------------------
     0 | D:1      | zeratav the Spriggan Hunter began the quest for the Orb.
     0 | D:1      | Reached XP level 1. HP: 10/10 MP: 2/2
     0 | D:1      | magus.rc [v1.9.6]
   162 | D:1      | Reached skill level 5 in Ranged Weapons
   203 | D:1      | Found a faded altar of an unknown god.
   217 | D:1      | You pick up a book of Minor Magic and begin reading...
   217 | D:1      | You add the spells Magic Dart, Call Imp and Mephitic Cloud
                  | to your library.
   265 | D:1      | Reached XP level 2. HP: 14/14 MP: 3/3
   723 | D:1      | HP: 2/14 [hobgoblin (3)]
   725 | D:1      | Reached skill level 6 in Ranged Weapons
  1058 | D:2      | Reached XP level 3. HP: 9/18 MP: 4/4
  1665 | D:3      | Reached XP level 4. HP: 22/22 MP: 5/5
  1898 | D:3      | Reached skill level 7 in Ranged Weapons
  2331 | D:4      | Reached XP level 5. HP: 25/25 MP: 6/6
  2905 | D:4      | Found a staircase to the Ecumenical Temple.
  2912 | Temple   | Entered the Ecumenical Temple
  3355 | D:5      | Entered Level 5 of the Dungeon
  3355 | D:5      | Noticed an ogre
  3357 | D:5      | Reached skill level 8 in Ranged Weapons
  3406 | D:4      | Killed an ogre
  3407 | D:4      | Reached XP level 6. HP: 18/30 MP: 7/7
  3549 | D:5      | Reached skill level 9 in Ranged Weapons
  3892 | D:4      | HP: 5/30 [gnoll shaman/+0 club (11)]
  4158 | D:4      | HP: 6/30 [orc priest/+0 whip (2)]
  4159 | D:4      | Killed from afar by an orc priest

Vanquished Creatures
  An ogre (D:4)
  A jelly (D:4)
  A gnoll shaman (D:4)
  A hound (D:3)
  An orc wizard (D:5)
  2 gnolls
  5 adders
  An ufetubus (D:5)
  A worm (D:2)
  3 dart slugs
  5 orcs
  9 endoplasms
  A giant cockroach (D:4)
  6 goblins
  9 hobgoblins
  7 jackals
  7 quokkas
  6 ball pythons
  3 bats
  3 frilled lizards
  7 kobolds
  7 rats
87 creatures vanquished.

Table legend:
 A = Non-vault XP
 B = Vault XP
 C = Vault XP percentage of total XP
 D = Non-vault monster count
 E = Vault monster count
 F = Vault count percentage of total count
                 A         B        C        D         E       F
            +---------+---------+-------+---------+---------+-------
      Total |     522 |       0 |   0.0 |      87 |       0 |   0.0
            +---------+---------+-------+---------+---------+-------
        D:1 |      36 |       0 |   0.0 |      20 |       0 |   0.0
        D:2 |      52 |       0 |   0.0 |      22 |       0 |   0.0
        D:3 |      99 |       0 |   0.0 |      18 |       0 |   0.0
        D:4 |     276 |       0 |   0.0 |      24 |       0 |   0.0
        D:5 |      59 |       0 |   0.0 |       3 |       0 |   0.0
            +---------+---------+-------+---------+---------+-------

Illustrated notes

Table legend:
 A = Kills in this place as a percentage of kills in entire the game.
 B = Kills by you in this place as a percentage of kills by you in the entire game.
 C = Kills by friends in this place as a percentage of kills by friends in the entire game.
 D = Other kills in this place as a percentage of other kills in the entire game.
 E = Experience gained in this place as a percentage of experience gained in the entire game.
 F = Experience gained in this place divided by the number of levels of this place that you have seen.
                   A       B       C       D       E      F
               +-------+-------+-------+-------+-------+----------------------
         Total | 100.0 | 100.0 |   N/A |   N/A | 100.0 |  87.0
       Dungeon | 100.0 | 100.0 |   N/A |   N/A | 100.0 | 104.4
               +-------+-------+-------+-------+-------+----------------------

Table legend: (Time is in decaauts)
 A = Elapsed time spent in this place.
 B = Non-inter-level travel time spent in this place.
 C = Inter-level travel time spent in this place.
 D = Time resting spent in this place.
 E = Time spent auto-exploring this place.
 F = Levels seen in this place.
 G = Mean time per level.
                   A        B        C        D        E       F      G
               +--------+--------+--------+--------+--------+-----+--------+
         Total |   3123 |   3009 |    114 |    850 |   1742 |   6 |  520.5 |
       Dungeon |   3005 |   2898 |    107 |    850 |   1638 |   5 |  601.0 |
        Temple |    118 |    111 |      7 |      0 |    103 |   1 |  118.0 |
               +--------+--------+--------+--------+--------+-----+--------+

Top non-repeatable levels by time:
     D:4: 1184 daAuts
     D:1: 784 daAuts
     D:2: 456 daAuts
     D:3: 427 daAuts
     D:5: 152 daAuts
  Temple: 118 daAuts
